 Dungeon Crawl Stone Soup version 0.31.0-11-ge490571c62 (webtiles) character file.

Game seed: 203070415676305728

2459 hawla the Conjurer (level 9, -7/43 (45) HPs)
             Began as a Deep Elf Conjurer on Jan 29, 2024.
             Was a Believer of Vehumet.
             Shot with a sling bullet by Joseph (18 damage)
             ... on level 8 of the Dungeon.
             The game lasted 00:19:54 (7359 turns).

hawla the Conjurer (Deep Elf Conjurer)              Turns: 7359, Time: 00:19:55

HP:   -7/43 (45)    AC:  8    Str:  8    XL:     9   Next: 26%
MP:   6/18          EV: 12    Int: 27    God:    Vehumet [**....]
Gold: 415           SH:  4    Dex: 12    Spells: 7/18 levels left

rFire   . . .        m - staff of death
rCold   . . .        (no shield)
rNeg    + . .        a - +1 robe
rPois   .            p - +2 helmet
rElec   .            d - +0 cloak
rCorr   .            (no gloves)
SInv    .            e - +0 pair of boots
Will    .....        k - amulet of magic regeneration
Stlth   ++           g - ring of wizardry
HPRegen 0.27/turn    j - ring of flight
MPRegen 0.56/turn

%: wizardry (x1)
@: about to teleport, flying, very slightly contaminated, lightly drained
A: large bone plates 1, strong 1
a: Renounce Religion


You were on level 8 of the Dungeon.
You worshipped Vehumet.
Vehumet was pleased with you.
You visited 2 branches of the dungeon, and saw 9 of its levels.

You collected 415 gold pieces.

Inventory:

Hand Weapons
 t - a +2 quarterstaff of chaos
Armour
 a - a +1 robe (worn)
 d - a +0 cloak (worn)
 e - a +0 pair of boots (worn)
 p - a +2 helmet (worn)
Magical Staves
 m - a staff of death (weapon)
Jewellery
 g - a ring of wizardry (left hand)
 j - a ring of flight (right hand)
 k - an amulet of magic regeneration (around neck)
 u - a +6 ring of intelligence
Wands
 q - a wand of quicksilver (6)
Scrolls
 c - 4 scrolls of teleportation
 l - 2 scrolls of identify
 n - a scroll of fog
 o - a scroll of enchant weapon
 s - a scroll of vulnerability
Potions
 b - a potion of magic
 f - a potion of curing
 h - 3 potions of haste
 i - a potion of might


   Skills:
 - Level 7.0 Staves
 - Level 3.0 Dodging
 - Level 3.0 Stealth
 - Level 5.0 Spellcasting
 + Level 7.3 Conjurations
 - Level 3.0 Necromancy
 - Level 3.0 Translocations
 - Level 5.0 Fire Magic
 - Level 1.0 Air Magic
 - Level 4.0 Alchemy
 - Level 3.0 Evocations


You had 7 spell levels left.
You knew the following spells:

 Your Spells              Type           Power      Damage    Failure   Level
a - Magic Dart            Conj           100%       1d8       1%          1
b - Searing Ray           Conj           92%        2d7       1%          2
c - Iskenderun's Mystic   Conj/Tloc      34%        2d8       3%          4
d - Olgreb's Toxic Radia  Alch           28%        N/A       6%          4

Your spell library contained the following spells:

 Spells                   Type           Power      Damage    Failure   Level
 Momentum Strike          Conj/Tloc      68%        3d9       1%          2
 Foxfire                  Conj/Fire      100%       2x1d9     1%          1
 Sting                    Conj/Alch      100%       1d9       1%          1
 Mercury Vapours          Alch/Air       40%        N/A       1%          2
 Volatile Blastmotes      Fire/Tloc      56%        2d14      1%          3
 Fulminant Prism          Conj/Alch      18%        3d10      2%          4
 Starburst                Conj/Fire      19%        6d7       32%         6
 Plasma Beam              Fire/Air       11%        2x1d22    75%         6


Dungeon Overview and Level Annotations

Branches:
Dungeon (8/15)             Temple (1/1) D:5
   Lair: D:8-11

Altars:
Ashenzari
Cheibriados
Dithmenos
Elyvilon
Fedhas
Gozag
Hepliaklqana
Kikubaaqudgha
Makhleb
Nemelex Xobeh
Okawaru
Qazlal
Ru
Sif Muna
Trog
Uskayaw
Vehumet
Wu Jian
Xom
Yredelemnul
Zin
The Shining One

Shops:
D:1 =

Annotations:
D:7 2 transporters
D:8 Joseph


Innate Abilities, Weirdness & Mutations

You are partially covered in large bone plates. (SH +4)
Your muscles are strong. (Str +4, Int/Dex -1)


Message History

The searing ray hits the wight!
You destroy the wight!
Vehumet accepts your kill.
You feel your power returning.
The searing ray hits the centaur!
The centaur is severely wounded.
The wight barely misses you.
The centaur shoots an arrow.
The arrow closely misses you.
Training target 7.0 for Staves reached!
Your Staves skill increases to level 7!
You need to enable at least one skill for training.
The searing ray hits the centaur!
You kill the centaur!
Vehumet accepts your kill.
The wight hits you from afar with a +2 halberd!
You partially resist.
You feel drained.
Your life force feels restored.
Unknown command.
Casting: Searing Ray (safe; 1% risk of failure)
Confirm with . or Enter, or press ? or * to list all spells.
You miscast Olgreb's Toxic Radiance.
You are very lightly contaminated with residual magic.
Nothing appears to happen.
The wight hits you from afar with a +2 halberd!
* * * LOW HITPOINT WARNING * * *
You partially resist.
You feel drained.
* * * LOW HITPOINT WARNING * * *
Joseph shoots a sling bullet.
The sling bullet hits you!
* * * LOW HITPOINT WARNING * * *
You feel much better. The wight closely misses you.
Joseph shoots a sling bullet.
The sling bullet hits you!
Okay, then.
As you read the scroll of teleportation, it crumbles to dust.
You feel strangely unstable. The wight barely misses you.
Joseph shoots a sling bullet.
The sling bullet hits you!!
Ouch! That really hurt!
* * * LOW HITPOINT WARNING * * *
Unknown command.
You feel better. The wight closely misses you.
Joseph shoots a sling bullet.
The sling bullet hits you!!
You die...

...###.
###.......
#........#
.?.......
.........
#..).....
#z@....#
#.# ####.#
#.# #...@#
#.# #.####
##.# #.#
.># #.#
#.# #.#
#.# #.#
#.. #.#
#.# #.# #
# #.# #.#
#.# #..


You could see Joseph and a wight.

Vanquished Creatures
  A cyclops (D:7)
  Jeremiah (D:7)
  A steam dragon (D:7)
  An ice beast (D:6)
  An ogre (D:5)
  A black bear (D:6)
  A centaur (D:8)
  A phantom (D:6)
  2 kobold brigands (D:7)
  A bullfrog (D:6)
  5 wights
  3 killer bees (D:7)
  A howler monkey (D:7)
  A bombardier beetle (D:7)
  Crazy Yiuf (D:7)
  3 hounds
  2 iguanas (D:4)
  5 orc wizards
  10 gnolls
  7 adders
  A white imp (D:7)
  2 ufetubi (D:7)
  3 dart slugs
  A ribbon worm (D:2)
  22 orcs
  3 bats
  8 endoplasms
  5 giant cockroaches
  8 hobgoblins
  4 quokkas
  8 ball pythons
  6 frilled lizards
  7 goblins
  2 goblin skeletons (D:7)
  3 hobgoblin zombies (D:7)
  19 kobolds
  2 kobold zombies (D:7)
  2 orc zombies (D:7)
  8 rats
163 creatures vanquished.

Notes
Turn   | Place    | Note
-------+----------+-------------------------------------------
     0 | D:1      | hawla the Deep Elf Conjurer began the quest for the Orb.
     0 | D:1      | Reached XP level 1. HP: 10/10 MP: 6/6
   208 | D:1      | Reached XP level 2. HP: 15/15 MP: 6/8
   306 | D:1      | Reached skill level 5 in Conjurations
   363 | D:1      | Learned a level 2 spell: Searing Ray
   658 | D:1      | Found Saakun's Jewellery Boutique.
   857 | D:2      | Reached XP level 3. HP: 19/19 MP: 1/9
  1386 | D:2      | Reached XP level 4. HP: 24/24 MP: 2/10
  2345 | D:3      | Learned a level 4 spell: Iskenderun's Mystic Blast
  3207 | D:4      | Gained mutation: You have hidden genetic potential. [potion
                  | of mutation]
  3276 | D:4      | Reached XP level 5. HP: 13/28 MP: 3/11
  3388 | D:4      | Reached skill level 1 in Translocations
  3457 | D:4      | Gained mutation: Your muscles are strong. (Str +4, Int/Dex
                  | -1) [hidden potential]
  3473 | D:4      | Identified the +8 plate armour "Winafred" {rN+++ Str-2
                  | Int-3 SInv}
  3495 | D:4      | Found a shimmering blue altar of Sif Muna.
  3864 | D:5      | Entered Level 5 of the Dungeon
  4013 | D:5      | Found a staircase to the Ecumenical Temple.
  4059 | Temple   | Entered the Ecumenical Temple
  4297 | Temple   | Became a worshipper of Vehumet
  4510 | D:5      | Found a blossoming altar of Fedhas.
  4511 | D:5      | Noticed an ogre
  4515 | D:5      | Killed an ogre
  4516 | D:5      | Reached XP level 6. HP: 32/32 MP: 8/12
  4524 | D:5      | Gained mutation: You are partially covered in large bone
                  | plates. (SH +4) [hidden potential]
  4524 | D:5      | Lost mutation: You have hidden genetic potential. [hidden
                  | potential expressed]
  4899 | D:6      | Learned a level 4 spell: Olgreb's Toxic Radiance
  5182 | D:6      | Reached XP level 7. HP: 27/36 MP: 10/13
  5300 | D:6      | Reached * piety under Vehumet
  5300 | D:6      | Offered knowledge of Shock by Vehumet.
  5345 | D:6      | Reached skill level 1 in Necromancy
  5352 | D:6      | Reached skill level 1 in Staves
  5715 | D:7      | Found a glowing golden altar of the Shining One.
  5840 | D:7      | Found a transporter.
  5846 | D:7      | Noticed a kobold demonologist
  5847 | D:7      | Noticed a kobold demonologist
  6001 | D:7      | Noticed a cyclops
  6006 | D:7      | Reached ** piety under Vehumet
  6009 | D:7      | Killed a cyclops
  6009 | D:7      | Offered knowledge of Momentum Strike by Vehumet.
  6010 | D:7      | Reached skill level 5 in Staves
  6010 | D:7      | Reached XP level 8. HP: 41/41 MP: 2/14
  6165 | D:7      | Reached skill level 1 in Fire Magic
  6543 | D:7      | Found a runed translucent door.
  6544 | D:7      | Noticed Crazy Yiuf
  6643 | D:7      | Found a transporter.
  6675 | D:7      | Noticed Jeremiah
  6693 | D:7      | Killed Jeremiah
  6694 | D:7      | Reached skill level 5 in Fire Magic
  6694 | D:7      | Reached skill level 1 in Air Magic
  6694 | D:7      | Reached XP level 9. HP: 35/45 MP: 11/17
  6788 | D:7      | Reached skill level 5 in Spellcasting
  7227 | D:7      | Killed Crazy Yiuf
  7304 | D:8      | Found an opulent altar of Gozag.
  7344 | D:8      | Noticed Joseph
  7356 | D:8      | HP: 2/43 [Joseph/sling bullet (10)]
  7359 | D:8      | Shot with a sling bullet by Joseph

Illustrated notes

Levels and vault maps discovered:
D:1:      lightli_arrival_chessboard, layout_loops_ring, serial_shops, shop
D:2:      layout_loops_ring, lexackson_kobold_supper
D:3:      layout_loops_corners
D:4:      layout_rooms, led_sif_book
D:5:      layout_basic, lemuel_tele_altar, temple_hall,
          hangedman_abyss_or_decor_lesser_grid
D:6:      layout_basic
D:7:      gammafunk_wand_slinger, layout_basic, nicolae_tso_besieged_by_evil,
          uniq_crazy_yiuf_cottage, uniq_jeremiah
D:8:      layout_loops_ring, nicolae_gozag_seed_capital, uniq_joseph,
          uniq_gastronok
Temple:   dpeg_five_rooms_temple

Skill      XL: |  1  2  3  4  5  6  7  8  9 |
---------------+----------------------------+-----
Conjurations   | 5 6 7 |  7.3
Translocations | 3 |  3.0
Dodging        | 3 |  3.0
Stealth        | 3 |  3.0
Evocations     | 2 3 |  3.0
Alchemy        | 3 4 |  4.0
Necromancy     | 3 |  3.0
Staves         | 5 6 7 |  7.0
Spellcasting   | 4 5 |  5.0
Fire Magic     | 5 |  5.0
Air Magic      | 1 |  1.0

Action                     |  1- 3 |  4- 6 |  7- 9 || total
---------------------------+-------+-------+-------++-------
  Melee: Unarmed           |     6 |     9 |       ||    15
         Punch             |     1 |       |     2 ||     3
         Quarterstaff      |       |    29 |     8 ||    37
         Staff             |       |       |    94 ||    94
   Cast: Magic Dart        |    42 |    37 |     5 ||    84
         Searing Ray       |    13 |    23 |    24 ||    60
         Iskenderun's Myst |       |     7 |    15 ||    22
         Olgreb's Toxic Ra |       |     2 |    12 ||    14
    Use: Scroll            |       |    10 |     4 ||    14
         Potion            |       |     4 |     2 ||     6
   Stab: Sleeping          |       |     3 |     1 ||     4
 Armour: Robe              |     4 |    40 |    79 ||   123
  Dodge: Dodged            |    11 |    49 |    96 ||   156
  Block: Other             |       |     5 |    20 ||    25
